 Seeded DCSS version 0.30-a0-137-gd8773701ce (webtiles) character file.

Game seed: 20220920 (custom seed)

28005 a11behringer the Severer (level 13, -41/124 HPs)
             Began as a Minotaur Berserker on Sept 20, 2022.
             Was a High Priest of Trog.
             Annihilated by a titanic slime creature (75 damage)
             ... on level 12 of the Dungeon on Sept 21, 2022.
             The game lasted 00:46:44 (11896 turns).

a11behringer the Severer (Minotaur Berserker)      Turns: 11896, Time: 00:46:45

Health: -41/124    AC: 26    Str: 32    XL:     13   Next: 7%
Magic:  12/12      EV:  7    Int:  4    God:    Trog [*****.]
Gold:   546        SH: 20    Dex: 11    Spells: 12/12 levels left

rFire   . . .      SeeInvis .    G - +8 broad axe of the Burning God {flame, +Blink rElec rN+ Stlth-}
rCold   . . .      Faith    .    q - +0 tower shield
rNeg    + . .      Spirit   .    L - +2 crystal plate armour
rPois   .          Reflect  +    H - +0 hat
rElec   +          Harm     .    B - +0 cloak
rCorr   .          Rampage  .    t - +0 pair of gloves
Will    .....                    (no boots)
Stlth   ..........               s - amulet of reflection
HPRegen 0.30/turn                f - +4 ring of slaying
MPRegen 0.13/turn                x - +6 ring of strength

@: studying Fighting
A: horns 2, retaliatory headbutt
a: Renounce Religion, Evoke Blink, Berserk, Trog's Hand, Brothers in Arms


You were on level 12 of the Dungeon.
You worshipped Trog.
Trog was extremely pleased with you.
You visited 1 branch of the dungeon, and saw 12 of its levels.
You also visited: Ossuary and Bailey.

You collected 1077 gold pieces.
You spent 531 gold pieces at shops.

Inventory:

Hand Weapons
 r - a +5 war axe of freezing
 G - the +8 broad axe of the Burning God (weapon) {flame, +Blink rElec rN+ Stlth-}
   (You bought it in a shop on level 3 of the Dungeon)

   It burns those it strikes, dealing additional fire damage.
   Big, fiery blades are also staple armaments of hydra-hunters.
   rElec:     It insulates you from electricity.
   rN:        It protects you from negative energy.
   +Blink:    It lets you blink.
   Stlth:     It makes you less stealthy.
 K - a +4 arbalest of flaming
 M - the +3 sling "Pigui" {freeze, Int+3 Dex+4}
   (You found it on level 12 of the Dungeon)

   Any ammunition fired from it freezes those it strikes, dealing additional
   cold damage.
   It can also slow down cold-blooded creatures.
   Int:       It affects your intelligence (+3).
   Dex:       It affects your dexterity (+4).
Missiles
 h - 3 throwing nets (quivered)
 w - 81 poisoned darts
Armour
 i - an orb of light
 q - a +0 tower shield (worn)
 t - a +0 pair of gloves (worn)
 B - a +0 cloak (worn)
 H - a +0 hat (worn)
 L - a +2 crystal plate armour (worn)
Jewellery
 f - a +4 ring of slaying (left hand)
 g - an amulet of magic regeneration
 n - a +6 ring of dexterity
 s - an amulet of reflection (around neck)
 v - an amulet of guardian spirit
 x - a +6 ring of strength (right hand)
 J - a ring of flight
Wands
 e - a wand of digging (8)
 l - a wand of mindburst (28)
 y - a wand of paralysis (9)
 E - a wand of flame (3)
 Q - a wand of quicksilver (6)
Scrolls
 a - a scroll of fog
 b - 2 scrolls of enchant weapon
 A - 4 scrolls of teleportation
 F - a scroll of magic mapping {unknown}
 I - a scroll of acquirement {unknown}
Potions
 c - 2 potions of attraction
 d - 2 potions of brilliance
 j - a potion of mutation
 k - 5 potions of flight
 m - 7 potions of curing
 o - 3 potions of haste
 p - 4 potions of lignification
 u - a potion of ambrosia {unknown}
 z - 3 potions of berserk rage
 C - a potion of heal wounds
 D - 3 potions of magic
 O - 2 potions of might
 S - a potion of cancellation


   Skills:
 + Level 14.1 Fighting
 * Level 15.8 Axes
 + Level 1.6 Ranged Weapons
 + Level 11.4 Armour
 + Level 10.3 Dodging
 + Level 10.1 Shields
 + Level 1.2 Evocations


You had 12 spell levels left.
You didn't know any spells.
Your spell library was empty.

Dungeon Overview and Level Annotations

Branches:
Dungeon (12/15)            Temple (0/1) D:7            Lair (0/5) D:11
    Orc (0/2) D:12        Ossuary (visited)          Bailey (visited)

Altars:
Ashenzari
Cheibriados
Dithmenos
Kikubaaqudgha
Nemelex Xobeh
Okawaru
Qazlal
Sif Muna
Trog
Wu Jian
Xom
Zin

Shops:
D:3 (   D:8 (   D:9 !


Innate Abilities, Weirdness & Mutations

You have a pair of horns on your head.
You reflexively headbutt those who attack you in melee.


Message History

The slime creature quivers. x2
A slime creature comes into view. 2 slime creatures come into view.
The slime creature quivers. x2
A slime creature comes into view.
The slime creature moves out of view.
There is an open door here.
The slime creature quivers.
You slice the slime creature!! You burn the slime creature!
The slime creature is severely wounded.
The slime creature hits you but does no damage.
You slash the slime creature! You burn the slime creature.
The slime creature is almost dead.
Two slime creatures merge to form a large slime creature.
You block the slime creature's attack.
You slash the slime creature! You burn the slime creature.
You kill the slime creature!
Trog accepts your kill.
Two slime creatures merge to form a very large slime creature.
A slime creature comes into view. x2
You block the very large slime creature's attack.
Two slime creatures merge to form an enormous slime creature.
Two slime creatures merge to form a titanic slime creature.
You slice the titanic slime creature!! You burn the titanic slime creature!
The titanic slime creature is lightly wounded.
You block the titanic slime creature's attack.
A slime creature comes into view.
Two slime creatures merge to form a large slime creature.
There is an open door here.
A slime creature comes into view.
Two slime creatures merge to form a very large slime creature.
Two slime creatures merge to form an enormous slime creature.
The titanic slime creature attacks as you move away!
The titanic slime creature hits you!!!!
Ouch! That really hurt!
* * * LOW HITPOINT WARNING * * *
The titanic slime creature attacks as you move away!
The titanic slime creature hits you!!!!
Ouch! That really hurt!
You die...

###....#####
#...#......##
#.##........# ########
#.#...~~~~..# )......#
#.#[.8~~~~..## .......#
#.#...~~~~...# .......#
#............# .......#
#..........#.# .......#
#.....<@.....#
.......###......J...###
.......#.'..........#
.......'.#.........)#
##########..........#
## #######J#### . #..#
#. #J## .# . ...


You could see a titanic slime creature, an enormous slime creature and a slime
creature.

Vanquished Creatures
  Gastronok (D:11)
  A hydra (D:10)
  2 centaur warriors (D:11)
  A boulder beetle (D:11)
  8 two-headed ogres
  The ghost of Splishie the Gusty, a novice GnWn of Yredelemnul (D:10)
  An orc knight (Bailey)
  2 ugly things
  A cyclops (D:11)
  An eye of devastation (shapeshifter) (D:10)
  Maggie (D:9)
  A komodo dragon (D:12)
  Prince Ribbit (D:7)
  A hornet (D:10)
  3 trolls
  5 slime creatures (D:12)
  4 wraiths
  2 wyverns
  A shadow (D:11)
  6 yaks (D:11)
  6 vampire mosquitoes
  2 steam dragons
  Menkaure (D:4)
  Edmund (D:4)
  Duvessa (D:7)
  A water moccasin (D:6)
  2 sky beasts
  4 acid dragons
  13 orc warriors
  2 ice beasts
  3 black bears
  2 ogres
  4 phantoms
  6 centaurs
  3 bullfrogs
  5 kobold brigands
  A gnoll sergeant (D:10)
  2 scorpions
  A necrophage (D:4)
  14 wights
  Dowan (D:7)
  3 troll zombies (D:12)
  5 killer bees (D:8)
  10 howler monkeys
  2 hounds
  4 orc priests
  A gnoll bouda (D:6)
  A jelly (D:6)
  An iguana (D:6)
  7 orc wizards
  3 ogre zombies (D:12)
  8 mummies (Ossuary)
  Robin (D:2)
  18 gnolls
  7 adders
  2 shadow imps
  A white imp (D:8)
  An ufetubus (D:5)
  A worm (D:2)
  2 dart slugs
  39 orcs
  4 ball pythons
  3 bats
  7 endoplasms
  2 giant cockroaches
  4 gnoll zombies (Ossuary)
  15 goblins
  6 hobgoblins
  5 jackals (D:1)
  5 quokkas
  4 frilled lizards
  A goblin skeleton (D:12)
  3 goblin zombies (D:12)
  5 hobgoblin zombies
  23 kobolds
  A kobold zombie (Ossuary)
  3 orc skeletons (D:12)
  9 orc zombies (D:12)
  2 rats
338 creatures vanquished.

Vanquished Creatures (collateral kills)
  A yak (D:10)
1 creature vanquished.

Vanquished Creatures (others)
  5 kobolds
  2 bushes (D:12)
  9 fungi (D:11)
  11 plants
27 creatures vanquished.

Grand Total: 366 creatures vanquished

Notes
Turn   | Place    | Note
-------+----------+-------------------------------------------
     0 | D:1      | a11behringer the Minotaur Berserker began the quest for the
                  | Orb.
     0 | D:1      | Reached XP level 1. HP: 19/19 MP: 0/0
     3 | D:1      | You fall into a shaft and drop 1 floor!
    34 | D:2      | Reached XP level 2. HP: 11/27 MP: 1/1
    45 | D:2      | Noticed Robin
   552 | D:1      | Reached skill level 4 in Axes
   749 | D:1      | Reached XP level 3. HP: 31/33 MP: 2/2
   824 | D:1      | Found a faded altar of an unknown god.
  1454 | D:2      | Reached ** piety under Trog
  1460 | D:2      | Killed Robin
  1892 | D:3      | Reached XP level 4. HP: 40/40 MP: 3/3
  2156 | D:3      | Reached skill level 5 in Axes
  2165 | D:3      | Reached XP level 5. HP: 28/47 MP: 4/4
  2719 | D:3      | Found Agis Cia's Antique Weapon Boutique.
  3062 | D:4      | Noticed Menkaure
  3070 | D:4      | Killed Menkaure
  3071 | D:4      | Reached skill level 5 in Fighting
  3071 | D:4      | Reached skill level 6 in Axes
  3071 | D:4      | Reached XP level 6. HP: 52/56 MP: 5/5
  3256 | D:4      | Found a sand-covered staircase.
  3264 | Ossuary  | Entered an ossuary
  3286 | Ossuary  | Reached XP level 7. HP: 23/61 MP: 6/6
  3567 | D:4      | Noticed Edmund
  3578 | D:4      | Killed Edmund
  3578 | D:4      | Reached *** piety under Trog
  3579 | D:4      | Reached skill level 7 in Axes
  3579 | D:4      | Reached skill level 5 in Armour
  3687 | D:3      | Bought a transparent broad axe for 243 gold pieces
  3687 | D:3      | Identified the +8 broad axe of the Burning God {flame,
                  | +Blink rElec rN+ Stlth-} (You bought it in a shop on level
                  | 3 of the Dungeon)
  3837 | D:4      | Found a sparkling altar of Nemelex Xobeh.
  3840 | D:4      | Found a snail-covered altar of Cheibriados.
  3841 | D:4      | Found an ancient bone altar of Kikubaaqudgha.
  4206 | D:5      | Entered Level 5 of the Dungeon
  4310 | D:5      | Found an iron altar of Okawaru.
  4621 | D:5      | Found a shimmering blue altar of Sif Muna.
  4810 | D:5      | Reached skill level 1 in Shields
  4893 | D:6      | Reached XP level 8. HP: 36/70 MP: 7/7
  5121 | D:6      | Reached skill level 8 in Axes
  5165 | D:6      | Reached skill level 5 in Dodging
  5321 | D:6      | Found a shadowy altar of Dithmenos.
  5730 | D:7      | Found a staircase to the Ecumenical Temple.
  5817 | D:7      | Reached skill level 9 in Axes
  5855 | D:7      | Found a glowing silver altar of Zin.
  5997 | D:7      | Noticed Duvessa
  5998 | D:7      | Noticed Dowan
  6002 | D:7      | Killed Duvessa
  6002 | D:7      | Reached **** piety under Trog
  6003 | D:7      | Reached XP level 9. HP: 73/79 MP: 8/8
  6014 | D:7      | Killed Dowan
  6122 | D:7      | Noticed Prince Ribbit
  6134 | D:7      | Killed Prince Ribbit
  6436 | D:7      | Reached skill level 10 in Axes
  6544 | D:8      | Found Ryuk's Antique Weapon Shop.
  6576 | D:8      | Found a bloodstained altar of Trog.
  6650 | D:8      | Reached skill level 5 in Shields
  7169 | D:8      | Found an ornate altar of the Wu Jian Council.
  7569 | D:9      | Found a broken altar of Ashenzari.
  7637 | D:9      | Found a flagged portal.
  7644 | D:9      | Noticed a two-headed ogre
  7649 | Bailey   | Entered a bailey
  7671 | Bailey   | Reached skill level 11 in Axes
  7671 | Bailey   | Reached XP level 10. HP: 78/88 MP: 9/9
  7993 | Bailey   | Noticed an orc knight
  8001 | Bailey   | Killed an orc knight
  8023 | Bailey   | Reached skill level 10 in Fighting
  8023 | Bailey   | Reached skill level 13 in Axes
  8023 | Bailey   | Reached XP level 11. HP: 71/101 MP: 10/10
  8041 | D:9      | Killed a two-headed ogre
  8214 | D:9      | Noticed a two-headed ogre
  8219 | D:9      | Killed a two-headed ogre
  8287 | D:9      | Reached ***** piety under Trog
  8408 | D:9      | Found a shimmering altar of Xom.
  8484 | D:9      | Noticed Maggie
  8485 | D:9      | Found Hokk's Distillery.
  8495 | D:9      | Killed Maggie
  8500 | D:9      | Bought 2 potions of flight for 72 gold pieces
  8500 | D:9      | Bought a potion of haste for 120 gold pieces
  8500 | D:9      | Bought a potion of curing for 36 gold pieces
  8500 | D:9      | Bought a potion of heal wounds for 60 gold pieces
  8527 | D:9      | Found a stormy altar of Qazlal.
  8901 | D:10     | Entered Level 10 of the Dungeon
  8903 | D:10     | Found a transporter.
  8940 | D:10     | Noticed a four-headed hydra
  8965 | D:10     | Noticed Splishie's ghost (novice GnWn)
  8986 | D:10     | Found a transporter.
  9013 | D:10     | Reached skill level 10 in Armour
  9021 | D:10     | Killed Splishie's ghost
  9022 | D:10     | Reached skill level 14 in Axes
  9023 | D:10     | Killed a one-headed hydra
  9453 | D:10     | Reached XP level 12. HP: 112/112 MP: 11/11
  9822 | D:10     | Identified the +1 mace "Hepp" {freeze, *Slow Str+5 Dex+5}
 10131 | D:11     | Noticed a two-headed ogre
 10136 | D:11     | Noticed a centaur warrior
 10144 | D:11     | Killed a centaur warrior
 10146 | D:11     | Killed a two-headed ogre
 10149 | D:11     | Noticed a two-headed ogre
 10157 | D:11     | Killed a two-headed ogre
 10338 | D:11     | Noticed a two-headed ogre
 10345 | D:11     | Killed a two-headed ogre
 10430 | D:11     | Reached skill level 15 in Axes
 10561 | D:11     | Noticed Gastronok
 10571 | D:11     | Killed Gastronok
 10571 | D:11     | Received a gift from Trog
 10683 | D:11     | Reached skill level 10 in Dodging
 10809 | D:11     | Noticed a two-headed ogre
 10834 | D:11     | Killed a two-headed ogre
 10855 | D:11     | Noticed a boulder beetle
 10861 | D:11     | Killed a boulder beetle
 10938 | D:11     | Found a staircase to the Lair.
 10946 | D:11     | Upgraded the game from 0.30-a0-135-g630cfc4551 to
                  | 0.30-a0-137-gd8773701ce
 10975 | D:11     | Noticed a centaur warrior
 10981 | D:11     | Killed a centaur warrior
 11101 | D:12     | Found a staircase to the Orcish Mines.
 11129 | D:12     | Noticed a two-headed ogre
 11140 | D:12     | Killed a two-headed ogre
 11202 | D:12     | Reached skill level 1 in Ranged Weapons
 11207 | D:12     | Reached skill level 10 in Shields
 11210 | D:12     | Reached XP level 13. HP: 102/124 MP: 12/12
 11211 | D:12     | Reached skill level 1 in Evocations
 11232 | D:12     | Identified the +4 long sword "Paeple" {vamp, rElec rF+
                  | rCorr Str-4}
 11470 | D:12     | Identified the +3 sling "Pigui" {freeze, Int+3 Dex+4}
 11492 | D:12     | HP: 6/124 [fire elemental[a deep elf pyromancer] (13)]
 11896 | D:12     | Annihilated by a titanic slime creature

Illustrated notes

Levels and vault maps discovered:
D:1:      dpeg_arrival_refuge, layout_basic, ebering_ecumenical_altar_rust,
          minmay_misc_feat_pillars
D:2:      layout_rooms, uniq_robin
D:3:      layout_loops_ring, serial_shops, nicolae_shop_overgrown_old_shop,
          grunt_ministairs_11
D:4:      layout_loops_ring, chequers_temple_overflow_statue_of_worship,
          lightli_ossuary_entry_decrepit_ruins, kennysheep_donut, uniq_edmund,
          uniq_menkaure
D:5:      layout_loops_cross, okawaru_trees_1,
          mainiacjoe_overflow_six_doors_small
D:6:      layout_basic, general_overflow_altar
D:7:      layout_rooms, amcnicky_altar_gilded, minmay_temple_entry_overgrown,
          kennysheep_generic_room_9, uniq_prince_ribbit1, uniq_duvessa
D:8:      layout_basic, lemuel_crystal_altar, overflow_temple_1_default,
          serial_shops, shop, serial_park_tiny_2
D:9:      layout_basic, nicolae_qazlal_general_emergency, xom_teletrap_fun,
          nicolae_ashenzari_skybound, enter_bailey_3, serial_shops,
          nicolae_stop_n_shop_2, uniq_maggie
D:10:     layout_roguey, gammafunk_ghost_arena, serial_curves, eino_curves_02,
          eino_curves_03, minmay_fountain_box
D:11:     layout_cave_pools, grunt_lair_entry_orc_guard_hut, grunt_tough_drop,
          uniq_gastronok
D:12:     layout_roguey, zombieorc1_lemuel, minmay_hedge_maze,
          serial_park_tiny_pond

Skill      XL: |  1  2  3  4  5  6  7  8  9 10 11 12 13 |
---------------+----------------------------------------+-----
Axes           | 4 5 6 7 9 11 13 14 15 | 15.8
Fighting       | 4 5 6 7 8 10 12 14 | 14.1
Armour         | 3 4 5 6 7 9 10 11 | 11.4
Dodging        | 3 4 5 6 8 9 10 | 10.3
Shields        | 1 3 5 7 8 10 | 10.1
Ranged Weapons | 1 |  1.6
Evocations     | 1 |  1.2

Action                   |  1- 3 |  4- 6 |  7- 9 | 10-12 | 13-15 || total
-------------------------+-------+-------+-------+-------+-------++-------
Melee: Hand axe          |    75 |   106 |    32 |       |       ||   213
       Headbutt          |     6 |    16 |    35 |    57 |     4 ||   118
       Broad axe         |       |       |   160 |   249 |    25 ||   434
       Punch             |       |       |     1 |       |       ||     1
Invok: Berserk           |     2 |     2 |     1 |     3 |       ||     8
       Trog's Hand       |       |     2 |     3 |     2 |       ||     7
       Brothers in Arms  |       |       |     1 |     1 |       ||     2
  Use: Scroll            |     6 |       |     8 |    11 |     1 ||    26
       Potion            |       |       |     2 |     2 |     1 ||     5
Armor: Animal skin       |     3 |       |       |       |       ||     3
       Ring mail         |    22 |       |       |       |       ||    22
       Scale mail        |       |    56 |    75 |     9 |       ||   140
       Crystal plate arm |       |       |       |    73 |     9 ||    82
Dodge: Dodged            |    49 |    46 |   134 |    70 |     3 ||   302
Block: Other             |       |     3 |    38 |    15 |       ||    56
       Reflection        |       |       |     2 |    20 |     1 ||    23
       Tower shield      |       |       |       |   211 |    21 ||   232

Table legend: (Time is in decaauts)
 A = Elapsed time spent in this place.
 B = Non-inter-level travel time spent in this place.
 C = Inter-level travel time spent in this place.
 D = Time resting spent in this place.
 E = Time spent auto-exploring this place.
 F = Levels seen in this place.
 G = Mean time per level.
                   A        B        C        D        E       F      G
               +--------+--------+--------+--------+--------+-----+--------+
         Total |  12120 |  10963 |   1157 |      0 |   8993 |  14 |  865.7 |
       Dungeon |  11376 |  10219 |   1157 |      0 |   8646 |  12 |  948.0 |
       Ossuary |    297 |    297 |      0 |      0 |    195 |   1 |  297.0 |
        Bailey |    447 |    447 |      0 |      0 |    151 |   1 |  447.0 |
               +--------+--------+--------+--------+--------+-----+--------+

Top non-repeatable levels by time:
    D:10: 1249 daAuts
     D:1: 1247 daAuts
     D:3: 1233 daAuts
     D:9: 1007 daAuts
     D:8: 982 daAuts
    D:12: 916 daAuts
    D:11: 903 daAuts
     D:7: 866 daAuts
     D:6: 816 daAuts
     D:4: 806 daAuts
     D:5: 679 daAuts
     D:2: 668 daAuts
  Bailey: 447 daAuts
 Ossuary: 297 daAuts
